 Dungeon Crawl Stone Soup version 0.27.0-1-g7a089689b8 (webtiles) character file.

Game seed: 15025171460993329152

2365 SkeletonJelly the Carver (level 9, -2/85 HPs)
             Began as a Minotaur Monk on Aug 5, 2021.
             Was a Priest of Makhleb.
             Shot with an arrow by a centaur (6 damage)
             ... on level 8 of the Dungeon.
             The game lasted 00:10:46 (9113 turns).

SkeletonJelly the Carver (Minotaur Monk)            Turns: 9113, Time: 00:10:46

Health: -2/85      AC: 11    Str: 17    XL:     9   Next: 21%
Magic:  8/8        EV: 12    Int:  7    God:    Makhleb [***...]
Gold:   408        SH:  0    Dex: 15    Spells: 8/8 levels left

rFire    . . .     SeeInvis .   A - +0 scimitar
rCold    + . .     Faith    .   (no shield)
rNeg     . . .     Spirit   .   d - +0 ring mail
rPois    .         Reflect  .   B - +1 hat
rElec    .         Harm     .   (no cloak)
rCorr    .         Rampage  .   r - +0 pair of gloves
Will     .....                  (no boots)
Stlth    +.........             (no amulet)
HPRegen  0.24/turn              I - +4 ring of protection
MPRegen  0.11/turn              v - ring of protection from cold

@: no status effects
A: horns 2, retaliatory headbutt
a: Renounce Religion, Minor Destruction, Lesser Servant of Makhleb


You were on level 8 of the Dungeon.
You worshipped Makhleb.
Makhleb was most pleased with you.
You visited 2 branches of the dungeon, and saw 9 of its levels.

You collected 408 gold pieces.

Inventory:

Hand Weapons
 a - a +0 falchion
 l - a +0 long sword
 A - a +0 scimitar (weapon)
 L - a +0 whip of electrocution
Missiles
 q - 12 poisoned darts
 t - 4 curare-tipped darts (quivered)
Armour
 b - a +0 robe
 d - a +0 ring mail (worn)
 r - a +0 pair of gloves (worn)
 B - a +1 hat (worn)
 C - a +0 plate armour
Jewellery
 f - a ring of ice
 h - a ring of fire
 j - a ring of positive energy
 v - a ring of protection from cold (right hand)
 z - a ring of fire
 I - a +4 ring of protection (left hand)
Wands
 x - a wand of iceblast (14)
 E - a wand of polymorph (8)
 J - a wand of acid (8)
Scrolls
 e - 3 scrolls of enchant armour {unknown}
 g - 3 scrolls of identify {unknown}
 i - 2 scrolls of blinking {unknown}
 k - 2 scrolls of amnesia {unknown}
 m - 2 scrolls of immolation {unknown}
 n - 2 scrolls of fog {unknown}
 u - a scroll of acquirement {unknown}
 y - a scroll of magic mapping {unknown}
 F - a scroll of noise {unknown}
 H - a scroll of vulnerability {unknown}
Potions
 c - 3 potions of curing
 o - a potion of lignification {unknown}
 p - 3 potions of attraction {unknown}
 s - a potion of flight {unknown}
 w - a potion of heal wounds {unknown}
 D - a potion of magic {unknown}
 G - a potion of ambrosia {unknown}
 K - a potion of haste {unknown}


   Skills:
 + Level 9.7 Fighting
 - Level 12.0 Long Blades
 - Level 3.2 Dodging
 - Level 1.5 Stealth


You had 8 spell levels left.
You didn't know any spells.
Your spell library contained the following spells:

 Spells                   Type           Power      Damage    Failure   Level
 Stone Arrow              Conj/Erth      0%         3d7       95%         3
 Animate Armour           Summ/Erth      0%         N/A       100%        4
 Blade Hands              Tmut           0%         N/A       100%        5
 Irradiate                Conj/Tmut      0%         3d14      100%        5
 Dragon Form              Tmut           0%         N/A       100%        7
 Lehudib's Crystal Spear  Conj/Erth      0%         10d2      100%        8


Dungeon Overview and Level Annotations

Branches:
Dungeon (8/15)             Temple (1/1) D:5
   Lair: D:8-11

Altars:
Cheibriados
Dithmenos
Elyvilon
Fedhas
Gozag
Hepliaklqana
Kikubaaqudgha
Makhleb
Nemelex Xobeh
Okawaru
Qazlal
Ru
Sif Muna
Trog
Uskayaw
Xom
Yredelemnul
The Shining One

Shops:
D:3 [


Innate Abilities, Weirdness & Mutations

You have a pair of horns on your head.
You reflexively headbutt those who attack you in melee.


Message History

a +0 falchion; an orc corpse You closely miss the wyvern.
You headbutt the wyvern.
The wyvern is lightly wounded.
The wyvern bites you!
The orc wizard gestures at you while chanting.
The magic dart hits you.
You barely miss the wyvern.
The wyvern is lightly wounded.
The wyvern closely misses you.
The orc wizard gestures wildly while chanting.
The orc wizard flickers and vanishes!
Deactivating autopickup; reactivate with Ctrl-A.
An ice beast comes into view.
The wyvern bites you but does no damage.
You slash the wyvern! You headbutt the wyvern.
The wyvern is severely wounded.
You hear some strange, mumbled words.
A puff of flame appears from out of thin air!
The puff of flame hits you. The wyvern barely misses you.
You closely miss the wyvern.
The wyvern is severely wounded.
The wyvern bites you!
You barely miss the wyvern.
The wyvern is severely wounded.
The wyvern bites you. The orc closely misses you. You furiously retaliate!
You headbutt the orc, but do no damage. You closely miss the wyvern.
The wyvern is severely wounded.
The wyvern bites you but does no damage.
Something hits you but does no damage.
You hit the wyvern but do no damage.
The wyvern is severely wounded.
The wyvern bites you. Something hits you but does no damage.
The wyvern misses you. You furiously retaliate!
You headbutt the wyvern.
You riposte.
You slash the wyvern!
The wyvern is almost dead.
You hit the wyvern.
The wyvern is almost dead.
The wyvern bites you! The orc wizard casts a spell at you.
The magic dart hits you. Something hits you but does no damage.
You are too injured to fight recklessly!
You are too injured to fight recklessly!
You are too injured to fight recklessly!
You are too injured to fight recklessly!
You are too injured to fight recklessly!
You are too injured to fight recklessly!
The wyvern bites you but does no damage.
The orc wizard casts a spell.
The orc wizard flickers and vanishes!
The wyvern closely misses you.
You riposte.
You hit the wyvern but do no damage.
You headbutt the wyvern, but do no damage.
The wyvern is almost dead.
The wyvern bites you.
A howler monkey comes into view.
The howler monkey howls!
You hear a howl!
The wyvern bites you!
* * * LOW HITPOINT WARNING * * *
A howler monkey comes into view.
A centaur comes into view.
The centaur shouts!
The howler monkey barely misses you. You furiously retaliate!
You headbutt the howler monkey.
The centaur wields a +0 shortbow.
The centaur shoots an arrow.
The arrow completely misses you.
The teleport trap disappears.
The howler monkey disappears!
The wyvern completely misses you.
You riposte.
You hit the wyvern but do no damage.
The wyvern is almost dead.
A howler monkey comes into view.
The howler monkey misses you. You furiously retaliate!
You headbutt the howler monkey!
The centaur shoots an arrow.
The arrow misses you. The howler monkey barely misses you.
The howler monkey howls!
The centaur shoots an arrow.
The arrow hits you!
* * * LOW HITPOINT WARNING * * *
The centaur shoots an arrow.
The arrow barely misses you. The howler monkey misses you.
The howler monkey hoots and howls with incredible vigour!
The wyvern closely misses you. You furiously retaliate!
You headbutt the wyvern!
You kill the wyvern!
Makhleb accepts your kill.
You feel better.
The centaur shoots an arrow.
The arrow misses you.
The arrow hits the howler monkey.
You hear a shout! x2
The centaur shoots an arrow.
The arrow closely misses you.
The centaur shoots an arrow.
The arrow hits you.
* * * LOW HITPOINT WARNING * * *
The centaur shoots an arrow.
The arrow hits you.
* * * LOW HITPOINT WARNING * * *
The howler monkey closely misses you. You furiously retaliate!
You headbutt the howler monkey.
The centaur shoots an arrow.
The arrow barely misses you.
The centaur shoots an arrow.
The arrow hits you.
* * * LOW HITPOINT WARNING * * *
The howler monkey hoots and howls with incredible vigour! x2
You hear a howl!
You hear an angry buzzing noise. x3; You hear a bellow! x2
The centaur shoots an arrow.
The arrow hits you.
You die...

##### ############...######
#..........#........# ####
###..........#........## #...
............@'.........# #.<.
####....h...h.##........###..)
..............##..........##..
##...c...o...##.........#...#
..#................##....#.#.#
..........{...........#..#....
......................#.......
#####+#...............#......#
########.#.#####........###.....#


You could see a centaur, 2 howler monkeys and an orc.

Vanquished Creatures
  Grinder (D:6)
  A wyvern (D:8)
  3 water moccasins (D:6)
  An orc warrior (D:6)
  A necrophage (D:7)
  A centaur (D:6)
  A sky beast (D:5)
  An ogre (D:7)
  4 scorpions
  A gnoll sergeant (D:7)
  A water moccasin skeleton (D:5)
  4 killer bees (D:7)
  A bullfrog zombie (D:5)
  2 jellies
  2 centaur skeletons
  A hound (D:6)
  3 orc priests
  Jessica (D:3)
  2 iguanas
  2 orc wizards (D:6)
  A killer bee zombie (D:6)
  A hound zombie (D:5)
  A howler monkey zombie (D:7)
  12 adders
  3 gnolls (D:7)
  6 river rats (D:7)
  A shadow imp (D:7)
  An ufetubus (D:7)
  An adder zombie (D:5)
  3 worms (D:2)
  19 orcs
  5 endoplasms
  4 giant cockroaches
  6 goblins
  8 hobgoblins
  7 jackals
  5 quokkas
  7 ball pythons
  3 bats
  4 frilled lizards
  8 kobolds
  17 rats
157 creatures vanquished.

Notes
Turn   | Place    | Note
-------+----------+-------------------------------------------
     0 | D:1      | SkeletonJelly the Minotaur Monk began the quest for the
                  | Orb.
     0 | D:1      | Reached XP level 1. HP: 19/19 MP: 0/0
   114 | D:1      | Reached skill level 4 in Long Blades
   168 | D:1      | Reached XP level 2. HP: 26/26 MP: 1/1
   837 | D:1      | Reached skill level 5 in Long Blades
   901 | D:2      | Reached XP level 3. HP: 31/31 MP: 2/2
  1142 | D:2      | You fall into a shaft and drop 1 floor!
  1160 | D:3      | Found Istach's Armour Shop.
  1632 | D:2      | Reached XP level 4. HP: 39/39 MP: 3/3
  1994 | D:3      | Reached skill level 6 in Long Blades
  2458 | D:3      | Noticed Jessica
  2471 | D:3      | Killed Jessica
  3308 | D:4      | Reached skill level 7 in Long Blades
  3308 | D:4      | Reached XP level 5. HP: 44/45 MP: 4/4
  3693 | D:5      | Entered Level 5 of the Dungeon
  4014 | D:5      | Found a staircase to the Ecumenical Temple.
  4064 | D:5      | Reached skill level 8 in Long Blades
  4093 | Temple   | Entered the Ecumenical Temple
  4248 | Temple   | Became a worshipper of Makhleb the Destroyer
  4248 | Temple   | Reached * piety under Makhleb
  4248 | Temple   | Reached ** piety under Makhleb
  4325 | D:5      | Reached XP level 6. HP: 51/51 MP: 5/5
  4400 | D:5      | Noticed a sky beast
  4410 | D:5      | Killed a sky beast
  4411 | D:5      | Reached skill level 9 in Long Blades
  4604 | D:5      | Reached XP level 7. HP: 26/57 MP: 6/6
  5126 | D:5      | Found a hide-covered altar of Uskayaw.
  5509 | D:6      | Reached skill level 10 in Long Blades
  5799 | D:6      | Found an opulent altar of Gozag.
  5838 | D:6      | Noticed Grinder
  5845 | D:6      | Killed Grinder
  5846 | D:6      | Reached skill level 11 in Long Blades
  5933 | D:6      | Reached XP level 8. HP: 48/64 MP: 7/7
  6223 | D:6      | Reached skill level 12 in Long Blades
  6435 | D:6      | Reached skill level 5 in Fighting
  8238 | D:7      | Reached XP level 9. HP: 64/82 MP: 8/8
  8671 | D:7      | Reached *** piety under Makhleb
  9065 | D:8      | Found the +9 staff of Olgreb {rPois∞}
  9110 | D:8      | HP: 4/85 [centaur/arrow (6)]
  9113 | D:8      | Shot with an arrow by a centaur

Illustrated notes

Levels and vault maps discovered:
D:1:      saegor_arrival_simple_c, layout_loops_ring, moated_statue,
          chequers_serial_rivers_marsh, corner_web_ring,
          chequers_serial_rivers_small_b
D:2:      layout_loops_ring, minmay_tromino_v7
D:3:      layout_basic, serial_shops, shop, uniq_jessica
D:4:      layout_loops_ring
D:5:      minmay_evil_eye, layout_cave_pods, nicolae_uskayaw_suspiria,
          minmay_temple_entry_fiery
D:6:      layout_basic, old_standard_altar, corexii_corridor_pit, minmay_puff,
          uniq_grinder
D:7:      layout_layer_cave, dk_rats_in_the_wall
D:8:      layout_basic, minmay_guarded_unrand_staff_of_olgreb
Temple:   nicolae_temple_elliptical

Skill      XL: |  1  2  3  4  5  6  7  8  9 |
---------------+----------------------------+-----
Long Blades    | 4 5 7 8 9 11 12 | 12.0
Fighting       | 8 9 |  9.7
Dodging        | |  3.2
Stealth        | |  1.5

Action                   |  1- 3 |  4- 6 |  7- 9 || total
-------------------------+-------+-------+-------++-------
Melee: Falchion          |    72 |       |       ||    72
       Headbutt          |    16 |    19 |    50 ||    85
       Long sword        |    13 |   127 |       ||   140
       Scimitar          |       |       |   214 ||   214
  Use: Potion            |       |       |     1 ||     1
 Stab: Sleeping          |     1 |       |       ||     1
       Distracted        |       |       |     1 ||     1
Armor: Ring mail         |    35 |    43 |    94 ||   172
       Robe              |     1 |       |       ||     1
Dodge: Dodged            |    60 |    76 |   157 ||   293
       Rpst.: Falchion   |    17 |       |       ||    17
       Long sword        |     2 |    21 |       ||    23
       Scimitar          |       |       |    50 ||    50
